 Dungeon Crawl Stone Soup version 0.28-a0-1002-gf00fe891ef (webtiles) character file.

Game seed: 8358062748193159946

141 ytrimaz the Insei (level 5, -6/34 HPs)
             Began as an Octopode Transmuter on Dec 6, 2021.
             Killed from afar by an orc wizard (14 damage)
             ... with a puff of flame
             ... on level 3 of the Dungeon.
             The game lasted 00:04:28 (3260 turns).

ytrimaz the Insei (Octopode Transmuter)             Turns: 3260, Time: 00:04:28

Health: -6/34      AC:  2    Str: 10    XL:     5   Next: 24%
Magic:  7/9        EV: 23    Int: 17    God:
Gold:   513        SH:  0    Dex: 19    Spells: 6/10 levels left

rFire   . . .      SeeInvis .     - Unarmed
rCold   + . .      Faith    .   (shield currently unavailable)
rNeg    . . .      Spirit   .   (helmet currently unavailable)
rPois   x          Reflect  .   (no amulet)
rElec   .          Harm     .   a - ring "Ustuguto" {EV+4 Dex+2 Slay+3 Stlth-}
rCorr   .          Rampage  .   h - ring of protection from cold
Will    .....                   (no ring)
Stlth   ..........              (no ring)
HPRegen 0.11/turn               (no ring)
MPRegen 0.11/turn               (no ring)
                                (no ring)
                                (no ring)

@: confused, spider-form (expiring)
A: venomous fangs, almost no armour, (amphibious), 8 rings, tiny, (camouflage
1), (gelatinous body 1), (nimble swimmer 1), (tentacles)
a: End Transformation


You were on level 3 of the Dungeon.
You were a venomous arachnid creature.
You visited 1 branch of the dungeon, and saw 3 of its levels.

You collected 513 gold pieces.

Inventory:

Jewellery
 a - the ring "Ustuguto" (left front leg) {EV+4 Dex+2 Slay+3 Stlth-}
   (You acquired it on level 2 of the Dungeon)

   [ring of evasion]

   EV:        It affects your evasion (+4).
   Dex:       It affects your dexterity (+2).
   Slay:      It affects your accuracy & damage with ranged weapons and melee
   (+3).
   Stlth:     It makes you less stealthy.
 h - a ring of protection from cold (right front leg)
Wands
 d - a wand of mindburst (9)
 f - a wand of flame (15)
Scrolls
 b - 2 scrolls of immolation
Potions
 c - a potion of curing {unknown}
 e - a potion of degeneration {unknown}
 g - a potion of flight {unknown}


   Skills:
 * Level 2.1 Fighting
 - Level 2.0 Dodging
 + Level 4.0 Unarmed Combat
 * Level 3.0 Spellcasting
 * Level 3.0 Transmutations


You had 6 spell levels left.
You knew the following spells:

 Your Spells              Type           Power      Damage    Failure   Level
a - Beastly Appendage     Tmut           24%        N/A       14%         1
b - Spider Form           Tmut/Pois      7%         N/A       50%         3

Your spell library contained the following spells:

 Spells                   Type           Power      Damage    Failure   Level
 Wereblood                Tmut           12%        N/A       21%         2
 Passwall                 Tmut/Erth      5%         N/A       32%         2
 Blink                    Tloc           4%         N/A       47%         2
 Lesser Beckoning         Tloc           2%         N/A       67%         3
 Swiftness                Air            2%         N/A       67%         3
 Ice Form                 Ice/Tmut       7%         N/A       85%         4
 Manifold Assault         Tloc           2%         N/A       100%        5


Dungeon Overview and Level Annotations

Branches:
Dungeon (3/15)

Altars:


Innate Abilities, Weirdness & Mutations

You are a venomous arachnid creature.
You have poisonous fangs.
You are tiny and dextrous.
Your spellcasting is less reliable in this form.
Your armour is entirely melded.
You are incapable of wielding weapons or throwing items.
You cannot wear most types of armour.
((You are amphibious.))
You can wear up to eight rings at the same time.
((Your skin changes colour to match your surroundings (Stealth+).))
((Your rubbery body absorbs attacks. (AC +1, EV +1)))
((You are camouflaged near water. (Stealth+)))
((You have tentacles for arms and can constrict up to eight enemies at once.))


Message History

An orc wizard comes into view.
It is wielding a +0 dagger and wearing a +0 robe of willpower.
An orc comes into view. It is wielding a +0 short sword.
The orc shouts!
The orc wizard shouts!
Casting: Beastly Appendage (safe; 4% risk of failure)
Confirm with . or Enter, or press ? or * to list all spells.
The spell is quite dangerous to miscast (28% risk of failure)!
Continue anyway?
You turn into a venomous arachnid creature.
Unknown command.
The orc wizard gestures at you while chanting.
You resist with some effort.
Unknown command.
The orc wizard gestures at you while chanting.
The magic dart hits you.
You hit the orc wizard.
The orc wizard is poisoned.
The orc wizard is lightly wounded.
The orc wizard gestures at you while chanting.
You are confused.
You bump into the rock wall.
Unknown command.
You closely miss the orc. The orc closely misses you.
The orc wizard completely misses you.
You bump into the rock wall.
The orc hits you with a +0 short sword. The orc wizard barely misses you.
You bump into the rock wall.
Your transformation is almost over.
The orc closely misses you.
The orc wizard gestures wildly while chanting.
The orc wizard flickers and vanishes!
Deactivating autopickup; reactivate with Ctrl-A.
Unknown command.
You miss something. The orc hits you with a +0 short sword.
You hear some strange, mumbled words.
A magic dart appears from out of thin air!
The magic dart hits you!
You closely miss the orc. The orc hits you with a +0 short sword.
* * * LOW HITPOINT WARNING * * *
You hear some strange, mumbled words.
A puff of flame appears from out of thin air!
The puff of flame hits you!
You die...

########## .........#
########### .........#
#.........# .........#
#.........# .........#
#.........# .........#
#.........# #o####
#<........#
#{s..####.........#
####..#...........# ....
####........†....# .....
#......#.........# ......
#...........###.## ......#
#...........###...
.......##.................
...................>....##
......#..............##.#


You could see an orc.

Vanquished Creatures
  Crazy Yiuf (D:2)
  Robin (D:2)
  An adder (D:2)
  A worm (D:3)
  2 dart slugs (D:1)
  4 orcs (D:2)
  5 endoplasms
  A giant cockroach (D:1)
  16 goblins
  6 hobgoblins
  4 jackals (D:2)
  5 kobolds
  5 quokkas
  8 ball pythons
  8 bats
  7 frilled lizards
  2 rats (D:1)
77 creatures vanquished.

Vanquished Creatures (others)
  3 plants (D:1)
3 creatures vanquished.

Grand Total: 80 creatures vanquished

Notes
Turn   | Place    | Note
-------+----------+-------------------------------------------
     0 | D:1      | ytrimaz the Octopode Transmuter began the quest for the
                  | Orb.
     0 | D:1      | Reached XP level 1. HP: 13/13 MP: 3/3
   336 | D:1      | Reached XP level 2. HP: 6/18 MP: 3/5
   760 | D:1      | Reached XP level 3. HP: 14/23 MP: 6/6
  1043 | D:1      | You fall into a shaft and drop 1 floor!
  1060 | D:2      | Learned a level 3 spell: Spider Form
  1619 | D:2      | Identified a scroll of acquirement
  1619 | D:2      | Acquired 442 gold pieces
  1898 | D:2      | Acquired the ring "Ustuguto" {EV+4 Dex+2 Slay+3 Stlth-}
  1905 | D:2      | Reached XP level 4. HP: 29/29 MP: 5/7
  2111 | D:2      | Noticed Robin
  2127 | D:2      | Killed Robin
  2522 | D:2      | Found a runed translucent door.
  2523 | D:2      | Noticed Crazy Yiuf
  2534 | D:2      | Killed Crazy Yiuf
  2535 | D:2      | Reached skill level 4 in Unarmed Combat
  2535 | D:2      | Reached XP level 5. HP: 24/34 MP: 5/9
  3260 | D:3      | Killed from afar by an orc wizard

Illustrated notes

Levels and vault maps discovered:
D:1:      dpeg_arrival_rooms_a, layout_basic, serial_forest,
          infiniplex_forest_straight_1, infiniplex_forest_clump_small,
          infiniplex_forest_clump_small, infiniplex_forest_clump_small,
          infiniplex_forest_split, infiniplex_forest_clump_medium,
          infiniplex_forest_clump_tiny
D:2:      layout_basic, uniq_robin, uniq_crazy_yiuf_cottage
D:3:      layout_rooms

Skill      XL: |  1  2  3  4  5 |
---------------+----------------+-----
Fighting       | 2 |  2.1
Unarmed Combat | 4 |  4.0
Spellcasting   | 3 |  3.0
Transmutations | 3 |  3.0
Dodging        | |  2.0

Action                   |  1- 3 |  4- 6 || total
-------------------------+-------+-------++-------
Melee: Unarmed           |   100 |    73 ||   173
       Constrict         |    29 |    13 ||    42
       Tentacles         |     9 |     6 ||    15
       Kick              |    12 |     3 ||    15
       Punch             |     3 |     1 ||     4
 Cast: Beastly Appendage |    12 |     7 ||    19
       Spider Form       |     1 |     4 ||     5
  Use: Scroll            |     3 |     2 ||     5
 Stab: Sleeping          |     1 |       ||     1
Armor: Skin              |    17 |     3 ||    20
Dodge: Dodged            |    74 |    60 ||   134

Table legend: (Time is in decaauts)
 A = Elapsed time spent in this place.
 B = Non-inter-level travel time spent in this place.
 C = Inter-level travel time spent in this place.
 D = Time resting spent in this place.
 E = Time spent auto-exploring this place.
 F = Levels seen in this place.
 G = Mean time per level.
                   A        B        C        D        E       F      G
               +--------+--------+--------+--------+--------+-----+--------+
         Total |   3249 |   3158 |     91 |    416 |   2180 |   3 | 1083.0 |
       Dungeon |   3249 |   3158 |     91 |    416 |   2180 |   3 | 1083.0 |
               +--------+--------+--------+--------+--------+-----+--------+

Top non-repeatable levels by time:
     D:2: 1610 daAuts
     D:1: 1495 daAuts
     D:3: 142 daAuts
